 Dungeon Crawl Stone Soup version 0.25-a0-781-gc44aebf4fe (webtiles) character file.

Game seed: 6631954731262122134, levelgen mode: deterministic

25 Maedhros the Charlatan (level 3, -1/23 HPs)
             Began as an Octopode Artificer on Apr 15, 2020.
             Slain by a sky beast (5 damage)
             ... on level 5 of the Dungeon.
             The game lasted 00:01:05 (795 turns).

Maedhros the Charlatan (Octopode Artificer)          Turns: 795, Time: 00:01:06

Health: -1/23      AC:  1    Str: 11    XL:     3   Next: 4%
Magic:  5/5        EV: 12    Int: 13    God:
Gold:   34         SH:  3    Dex: 13    Spells: 2/2 levels left

rFire    . . .     SeeInvis .   a - +0 short sword
rCold    . . .     Gourm    .   k - +0 buckler
rNeg     . . .     Faith    .   (helmet restricted)
rPois    .         Spirit   .   (no amulet)
rElec    .         Reflect  .   (no ring)
rCorr    .         Harm     .   (no ring)
MR       .....                  (no ring)
Stlth    +++.......             (no ring)
HPRegen  0.07/turn              (no ring)
MPRegen  0.09/turn              (no ring)
                                (no ring)
                                (no ring)

@: no status effects
A: almost no armour, stealthy swim, amphibious, 8 rings, constrict 8, camouflage
1, gelatinous body 1
a: no special abilities


You were on level 5 of the Dungeon.
You were not hungry.

You visited 1 branch of the dungeon, and saw 5 of its levels.

You collected 34 gold pieces.

Inventory:

Hand Weapons
 a - a +0 short sword (weapon)
Armour
 h - a +0 kite shield
 k - a +0 buckler (worn)
Wands
 b - a wand of flame (13)
 c - a wand of enslavement (11)
 d - a wand of random effects (15)
Scrolls
 e - a scroll of identify {unknown}
 g - a scroll of immolation {unknown}
 i - a scroll of fog {unknown}
 l - a scroll of remove curse {unknown}
 m - a scroll of magic mapping {unknown}
Potions
 j - a potion of lignification {unknown}
Comestibles
 f - 6 rations


   Skills:
 - Level 1.0 Fighting
 - Level 1.0 Short Blades
 - Level 2.0 Dodging
 + Level 2.6 Stealth
 * Level 2.0 Unarmed Combat
 - Level 3.2 Evocations


You had 2 spell levels left.
You didn't know any spells.
Your spell library was empty.

Dungeon Overview and Level Annotations

Branches:
Dungeon (5/15)
 Temple: D:4-7

Altars:
Trog


Innate Abilities, Weirdness & Mutations

You cannot wear most types of armour.
You are very stealthy in the water. (Stealth+)
You are amphibious.
You can wear up to eight rings at the same time.
You can use your tentacles to constrict eight enemies at once.
Your skin changes colour to match your surroundings (Stealth+).
Your rubbery body absorbs attacks. (AC +1, EV +1)


Message History

An orc comes into view. It is wielding a +0 short sword.
Something hits you. Something shocks you.
There are monsters nearby!
Evoke which item? (* to show all) (? for menu, Esc to quit)
Aiming: Enslavement
Press: ? - help, Shift-Dir - straight line, f - quokka
Aim: a quokka (resting, chance to defeat MR: 72%) Nothing appears to happen.
Something hits you. Something shocks you.
* * * LOW HITPOINT WARNING * * *
An orc comes into view. It is wielding a +0 mace.
Evoke which item? (* to show all) (? for menu, Esc to quit)
Aiming: Enslavement
Press: ? - help, Shift-Dir - straight line, f - quokka
Aim: a quokka (chance to defeat MR: 72%) Nothing appears to happen.
The orc shouts!
The frilled lizard hisses angrily.
Something hits you.
* * * LOW HITPOINT WARNING * * *
Something shocks you.
You die...

...........#
#.l........##
#....$....$.
#.........#
#.........#
#.........#
#....:....#
#.%..r@{..#
#######.###
#<.# ##o# ..#
#.<. ##o# $#
.


You could see 2 orcs, a quokka and a frilled lizard.

Vanquished Creatures
  A leopard gecko (D:3)
  2 orcs (D:4)
  2 hobgoblins
  4 kobolds
  2 quokkas (D:4)
  A bat (D:3)
  A frilled lizard (D:1)
  4 goblins
  A quokka skeleton (D:4)
  2 rats
20 creatures vanquished.

Vanquished Creatures (collateral kills)
  A goblin (D:3)
  A rat (D:3)
2 creatures vanquished.

Vanquished Creatures (others)
  A worm (D:3)
1 creature vanquished.

Grand Total: 23 creatures vanquished

Notes
Turn   | Place    | Note
-------+----------+-------------------------------------------
     0 | D:1      | Maedhros the Octopode Artificer began the quest for the
                  | Orb.
     0 | D:1      | Reached XP level 1. HP: 13/13 MP: 3/3
   205 | D:1      | Reached skill level 1 in Unarmed Combat
   234 | D:1      | Reached XP level 2. HP: 18/18 MP: 4/4
   537 | D:4      | Found a bloodstained altar of Trog.
   597 | D:4      | Reached XP level 3. HP: 14/23 MP: 5/5
   790 | D:5      | Entered Level 5 of the Dungeon
   790 | D:5      | Noticed a sky beast
   795 | D:5      | Slain by a sky beast

Levels and vault maps discovered:
D:1:      heliophobic_arrival_henge, layout_rooms
D:2:      layout_basic, first_ration, kennysheep_generic_room_9, uniq_natasha,
          uniq_sigmund
D:3:      layout_loops_ring
D:4:      layout_loops_ring, trog_butcher_becter
D:5:      layout_rooms, minmay_temple_entry_crystal_x

Skill      XL: |  1  2 |
---------------+-------+-----
Unarmed Combat | 1 2 |  2.0
Stealth        | 2 |  2.6
Fighting       | |  1.0
Short Blades   | |  1.0
Dodging        | |  2.0
Evocations     | |  3.2

Action                   || total
-------------------------++-------
Melee: Short sword       ||    39
       Constrict         ||    11
       Tentacles         ||     8
Evoke: Wand              ||     6
 Stab: Sleeping          ||     6
Armor: Skin              ||     2
Dodge: Dodged            ||    19
Block: Buckler           ||     2

Table legend:
 A = Non-vault XP
 B = Vault XP
 C = Vault XP percentage of total XP
 D = Non-vault monster count
 E = Vault monster count
 F = Vault count percentage of total count
                 A         B        C        D         E       F
            +---------+---------+-------+---------+---------+-------
      Total |      28 |       8 |  22.2 |      18 |       4 |  18.2
            +---------+---------+-------+---------+---------+-------
        D:1 |      10 |       0 |   0.0 |       7 |       0 |   0.0
        D:2 |       2 |       0 |   0.0 |       1 |       0 |   0.0
        D:3 |      12 |       0 |   0.0 |       8 |       0 |   0.0
        D:4 |       4 |       8 |  66.7 |       2 |       4 |  66.7
            +---------+---------+-------+---------+---------+-------
